 Dungeon Sprint DCSS version 0.27-a0-1202-ge72e49191c (webtiles) character file.

Game seed: 521693733529260507

71643 mhtbhm the Archmage (level 14, -7/74 HPs)
             Began as a Deep Elf Earth Elementalist on June 3, 2021.
             Was the Champion of Vehumet.
             Mangled by a deep elf blademaster
             ... wielding a +0 rapier
              (14 damage)
             ... in the Dungeon (Sprint IX: "|||||||||||||||||||||||||||||").
             The game lasted 00:20:57 (9328 turns).

mhtbhm the Archmage (Deep Elf Earth Elementalist)   Turns: 9328, Time: 00:20:57

Health: -7/74      AC: 11    Str:  5    XL:     14   Next: 98%
Magic:  1/47       EV: 18    Int: 29    God:    Vehumet [******]
Gold:   234        SH:  6    Dex: 15    Spells: 3/67 levels left

rFire    . . .     SeeInvis +   k - +1 dagger (elec)
rCold    . . .     Faith    .   o - +1 buckler {reflect}
rNeg     . . .     Spirit   .   c - +0 steam dragon scales
rPois    .         Reflect  +   l - +1 helmet
rElec    .         Harm     .   w - +0 cloak
rCorr    .         Rampage  .   v - +0 pair of gloves
Will     +....     NoTele   +   u - +1 pair of boots
Stlth    ++++......             (no amulet)
HPRegen  0.22/turn              B - ring of see invisible
MPRegen  0.30/turn              n - +3 ring of intelligence

@: no status effects
A: no striking features
a: Renounce Religion


You were in the Dungeon.
You worshipped Vehumet.
Vehumet was exalted by your worship.
You visited 1 branch You collected 1939 gold pieces.
You spent 1705 gold pieces at shops.

Inventory:

Hand Weapons
 k - a +1 dagger of electrocution (weapon)
Missiles
 b - 21 stones
Armour
 c - +0 steam dragon scales (worn)
 l - a +1 helmet (worn)
 o - a +1 buckler of reflection (worn)
 u - a +1 pair of boots (worn)
 v - a +0 pair of gloves (worn)
 w - a +0 cloak (worn)
Jewellery
 m - a +3 ring of strength
 n - a +3 ring of intelligence (right hand)
 y - a ring of ice
 A - a ring of protection from cold
 B - a ring of see invisible (left hand)
 C - a ring of protection from fire
Wands
 j - a wand of iceblast (18)
Scrolls
 f - 2 scrolls of amnesia
 i - 3 scrolls of blinking
 q - a scroll of identify
 r - 4 scrolls of fog
 s - 4 scrolls of fear
 t - 2 scrolls of enchant armour
 E - 4 scrolls of enchant weapon
Potions
 a - a potion of invisibility
 d - 8 potions of curing
 e - 4 potions of heal wounds
 g - 2 potions of magic
 h - a potion of berserk rage
 p - a potion of resistance
 x - a potion of haste
 z - a potion of brilliance {unknown}
 D - a potion of might


   Skills:
 - Level 3.5 Fighting
 + Level 11.3 Dodging
 + Level 8.4 Stealth
 - Level 4.0 Shields
 O Level 27 Spellcasting
 + Level 14.0 Conjurations
 + Level 2.2 Hexes
 + Level 2.5 Translocations
 + Level 10.0 Transmutations
 - Level 2.9 Fire Magic
 * Level 13.1 Air Magic
 O Level 27 Earth Magic
 + Level 2.2 Evocations


You had 3 spell levels left.
You knew the following spells:

 Your Spells              Type           Power      Damage    Failure   Level
a - Sandblast             Erth           100%       2d20      0%          1
b - Passwall              Tmut/Erth      81%        N/A       0%          2
c - Stone Arrow           Conj/Erth      100%       3d13      0%          3
d - Lee's Rapid Deconstr  Erth           57%        3d27*     0%          5
e - Petrify               Tmut/Erth      98%        N/A       0%          4
f - Inner Flame           Hex/Fire       53%        N/A       1%          3
g - Mephitic Cloud        Conj/Pois/Air  75%        N/A       1%          3
h - Fireball              Conj/Fire      36%        3d15      1%          5
i - Iron Shot             Conj/Erth      51%        9d10      0%          6
j - Leda's Liquefaction   Hex/Erth       44%        N/A       0%          4
k - Shatter               Erth           57%        3d43*     1%          9
l - Lehudib's Crystal Sp  Conj/Erth      51%        10d12     1%          8
m - Blink                 Tloc           N/A        N/A       1%          2
n - Tornado               Air            43%        N/A       58%         9

Your spell library contained the following spells:

 Spells                   Type           Power      Damage    Failure   Level
 Poisonous Vapours        Pois/Air       100%       N/A       1%          2
 Gell's Gravitas          Tloc           26%        N/A       1%          3
 Lesser Beckoning         Tloc           26%        N/A       1%          3
 Teleport Other           Tloc           52%        N/A       1%          3
 Animate Armour           Summ/Erth      100%       N/A       1%          4
 Conjure Ball Lightning   Conj/Air       43%        3x3d15    1%          6
 Manifold Assault         Tloc           52%        N/A       6%          5


Dungeon Overview and Level Annotations

Branches:
Dungeon (1/1)

Altars:
Cheibriados
Dithmenos
Elyvilon
Fedhas
Gozag
Hepliaklqana
Kikubaaqudgha
Makhleb
Nemelex Xobeh
Okawaru
Qazlal
Ru
Sif Muna
Trog
Uskayaw
Vehumet
Wu Jian
Xom
Yredelemnul
Zin
The Shining One
Beogh
Jiyva
Lugonu

Shops:
D (:[[


Message History

The deep elf blademaster hits you but does no damage.
Unknown command.
Okay, then.
The deep elf blademaster closely misses you.
The deep elf blademaster hits you with a +0 rapier!
You see here a +1 great sword of flaming.
Casting: Stone Arrow (safe; 0% risk of failure)
Confirm with . or Enter, or press ? or * to list all spells.
You don't have enough magic to cast this spell.
Casting: Stone Arrow (safe; 0% risk of failure)
Confirm with . or Enter, or press ? or * to list all spells.
Okay, then.
The deep elf blademaster hits you with a +0 rapier!
* * * LOW HITPOINT WARNING * * *
You block the deep elf blademaster's attack.
You feel better.
The deep elf blademaster hits you with a +0 rapier.
* * * LOW HITPOINT WARNING * * *
The deep elf blademaster hits you but does no damage.
Unknown command.
You feel better.
The deep elf blademaster hits you with a +0 rapier.
* * * LOW HITPOINT WARNING * * *
The deep elf blademaster completely misses you.
You block the deep elf blademaster's attack.
The deep elf blademaster hits you with a +0 rapier!
* * * LOW HITPOINT WARNING * * *
You feel much better.
The deep elf blademaster hits you with a +0 rapier. x2
Unknown command.
Casting: Stone Arrow (safe; 0% risk of failure)
Confirm with . or Enter, or press ? or * to list all spells.
Aiming: Sandblast (safe; 0% risk of failure)
Press: ? - help, Shift-Dir - straight line, f/p - deep elf blademaster
Aim: a deep elf blademaster, wielding two +0 rapiers and wearing a +0 leather armour (severely wounded, 53% to hit)
The blast of sand misses the deep elf blademaster.
The deep elf blademaster hits you with a +0 rapier!!
* * * LOW HITPOINT WARNING * * *
The deep elf blademaster hits you with a +0 rapier!
You die...

.▓.▓.▓.▓)▓.▓)▓.▓[▓
.▓.▓.▓.▓)▓.▓)▓.▓.▓
÷▓.▓.▓.▓)▓.▓.▓.▓)▓
.▓)▓.▓.▓)▓.▓)▓.▓.▓
.▓.▓.▓.▓)▓)▓.▓.▓.▓
.▓.▓.▓.▓)▓.▓)▓.▓(▓
)▓.▓)▓.▓.▓.▓.▓.▓)▓
.▓.▓)▓.▓.▓.▓.▓.▓e▓
.▓.▓)▓.▓.▓.▓.▓.▓@▓
.▓.▓)▓.▓.▓.▓.▓.▓.▓
.▓.▓.▓.▓.▓.▓.▓.▓.▓
.▓.▓.▓.▓'▓)▓.▓.▓.▓
.▓.▓)▓.▓.▓.▓.▓.▓.▓
'▓.▓)▓.▓.▓.▓.▓.▓.▓
.▓.▓.▓)▓)▓.▓.▓.▓)▓
.▓.▓.▓.▓.▓.▓.▓.▓.▓
.▓.▓.▓.▓.▓.▓.▓.▓(▓


You could see a deep elf blademaster.

Vanquished Creatures
  A tentacled monstrosity (D)
  A lich (D)
  Donald (D)
  A fire giant (D)
  2 ghost moths (D)
  2 vault wardens (D)
  An ironbound preserver (D)
  3 very ugly things (D)
  5 stone giants (D)
  Nessos (D)
  A bunyip (D)
  A spark wasp (D)
  An ettin (D)
  Josephine (D)
  An ironbound thunderhulk (D)
  A fire dragon (D)
  A great orb of eyes (D)
  2 hydras (D)
  An ogre mage (D)
  2 boulder beetles (D)
  2 naga warriors (D)
  An alligator snapping turtle (D)
  Erica (D)
  2 centaur warriors (D)
  A merfolk aquamancer (D)
  2 tengu warriors (D)
  2 deep troll shamans (D)
  6 orc high priests (D)
  2 naga sharpshooters (D)
  A vampire mage (D)
  A spriggan berserker (D)
  A hell knight (D)
  A skeletal warrior (D)
  A sea snake (D)
  A flayed ghost (D)
  A glowing orange brain (D)
  A salamander mystic (D)
  A spriggan druid (D)
  2 ironbound convokers (D)
  A harpy (D)
  A wizard (D)
  A deep elf pyromancer (D)
  9 orc knights (D)
  An orc sorcerer (D)
  5 ugly things (D)
  A wolf spider (D)
  3 will-o-the-wisps (D)
  2 cyclopes (D)
  A manticore (D)
  3 vault sentinels (D)
  Maurice (D)
  4 black mambas (D)
  A water nymph (D)
  5 cane toads (D)
  A kobold demonologist (D)
  A komodo dragon (D)
  2 demonic crawlers (D)
  2 merfolk (D)
  A guardian mummy (D)
  A troll (shapeshifter) (D)
  4 polar bears (D)
  2 hornets (D)
  2 tyrant leeches (D)
  4 slime creatures (D)
  2 redbacks (D)
  A wyvern (D)
  Eustachio (D)
  A tarantella (D)
  4 wraiths (D)
  4 yaks (D)
  A steam dragon (D)
  A basilisk (D)
  A naga (D)
  An acid dragon (D)
  2 water moccasins (D)
  9 orc warriors (D)
  5 black bears (D)
  2 ogres (D)
  A wolf (D)
  A boggart (D)
  A phantom (D)
  2 bullfrogs (D)
  A gnoll sergeant (D)
  A hound (D)
  4 orc priests (D)
  An orc wizard (D)
  An ufetubus (D)
  An adder zombie (D)
  8 orcs (D)
  An endoplasm (D)
  A giant cockroach (D)
  A goblin (D)
  A ball python (D)
  A rat (D)
181 creatures vanquished.

Vanquished Creatures (others)
  5 foxfires (D)
5 creatures vanquished.

Grand Total: 186 creatures vanquished

Notes
Turn   | Place    | Note
-------+----------+-------------------------------------------
     0 | D        | mhtbhm the Deep Elf Earth Elementalist began the quest for
                  | the Orb.
     0 | D        | Reached XP level 1. HP: 10/10 MP: 6/6
    62 | D        | Noticed an ogre
    62 | D        | Noticed a hound
    62 | D        | Noticed a phantom
    62 | D        | Noticed an ogre
    70 | D        | Killed an ogre
    71 | D        | Reached XP level 2. HP: 15/15 MP: 3/11
    71 | D        | Reached XP level 3. HP: 19/19 MP: 3/12
    71 | D        | Reached XP level 4. HP: 24/24 MP: 3/14
    72 | D        | Killed a phantom
    73 | D        | Reached XP level 5. HP: 28/28 MP: 1/17
   194 | D        | Learned a level 2 spell: Passwall
   198 | D        | Learned a level 3 spell: Stone Arrow
   204 | D        | Learned a level 5 spell: Lee's Rapid Deconstruction
   209 | D        | Learned a level 4 spell: Petrify
   222 | D        | Killed an ogre
   223 | D        | Reached skill level 10 in Earth Magic
   223 | D        | Reached XP level 6. HP: 32/32 MP: 8/20
   405 | D        | Found a snail-covered altar of Cheibriados.
   405 | D        | Found a shadowy altar of Dithmenos.
   405 | D        | Found a white marble altar of Elyvilon.
   405 | D        | Found a blossoming altar of Fedhas.
   405 | D        | Found an opulent altar of Gozag.
   406 | D        | Found a hazy altar of Hepliaklqana.
   407 | D        | Found a viscous altar of Jiyva.
   408 | D        | Found an ancient bone altar of Kikubaaqudgha.
   409 | D        | Found a corrupted altar of Lugonu.
   410 | D        | Found a burning altar of Makhleb.
   411 | D        | Found a sparkling altar of Nemelex Xobeh.
   412 | D        | Found an iron altar of Okawaru.
   413 | D        | Found a stormy altar of Qazlal.
   414 | D        | Found a sacrificial altar of Ru.
   415 | D        | Found a shimmering blue altar of Sif Muna.
   416 | D        | Found a bloodstained altar of Trog.
   417 | D        | Found a hide-covered altar of Uskayaw.
   418 | D        | Found a radiant altar of Vehumet.
   419 | D        | Found an ornate altar of the Wu Jian Council.
   420 | D        | Found a shimmering altar of Xom.
   421 | D        | Found a basalt altar of Yredelemnul.
   422 | D        | Found a glowing silver altar of Zin.
   423 | D        | Found a glowing golden altar of the Shining One.
   426 | D        | Became a worshipper of Vehumet
   460 | D        | Noticed an acid dragon
   460 | D        | Noticed a kobold demonologist
   460 | D        | Noticed a hornet
   460 | D        | Noticed a yak
   465 | D        | Killed a hornet
   465 | D        | Killed a yak
   465 | D        | Reached * piety under Vehumet
   465 | D        | Offered knowledge of Freeze by Vehumet.
   466 | D        | Reached skill level 5 in Dodging
   466 | D        | Reached skill level 5 in Stealth
   466 | D        | Reached XP level 7. HP: 33/36 MP: 10/24
   471 | D        | Noticed a ynoxinul
   489 | D        | Noticed a neqoxec
   545 | D        | Killed a kobold demonologist
   640 | D        | Reached ** piety under Vehumet
   641 | D        | Reached XP level 8. HP: 16/42 MP: 14/27
   974 | D        | Noticed a boulder beetle
   974 | D        | Noticed a cyclops
   974 | D        | Noticed a troll
   974 | D        | Noticed a tengu warrior
   974 | D        | Noticed a deep elf pyromancer
   974 | D        | Noticed a boulder beetle
   984 | D        | Killed a deep elf pyromancer
   984 | D        | Offered knowledge of Searing Ray by Vehumet.
   987 | D        | Killed a boulder beetle
   987 | D        | Killed a tengu warrior
   988 | D        | Reached skill level 1 in Fighting
   988 | D        | Reached skill level 1 in Conjurations
   988 | D        | Reached skill level 15 in Earth Magic
   988 | D        | Reached skill level 1 in Evocations
   988 | D        | Reached XP level 9. HP: 47/47 MP: 28/32
   989 | D        | Killed a troll
   989 | D        | Reached *** piety under Vehumet
   990 | D        | Killed a cyclops
  1246 | D        | Killed a boulder beetle
  1246 | D        | Offered knowledge of Inner Flame by Vehumet.
  1247 | D        | Reached XP level 10. HP: 52/52 MP: 9/34
  1583 | D        | Learned a level 3 spell: Inner Flame
  1583 | D        | Noticed a cane toad
  1583 | D        | Noticed a cane toad
  1586 | D        | Killed a cane toad
  1586 | D        | Offered knowledge of Mephitic Cloud by Vehumet.
  1586 | D        | Reached **** piety under Vehumet
  1586 | D        | Killed a cane toad
  1597 | D        | Reached ***** piety under Vehumet
  1604 | D        | Reached skill level 1 in Hexes
  1855 | D        | Learned a level 3 spell: Mephitic Cloud
  1860 | D        | Noticed a cane toad
  1864 | D        | Offered knowledge of Fireball by Vehumet.
  1864 | D        | Noticed a cane toad
  1866 | D        | Noticed a black mamba
  1867 | D        | Noticed a cane toad
  1868 | D        | Killed a cane toad
  1871 | D        | Killed a black mamba
  1871 | D        | Killed a cane toad
  1871 | D        | Reached ****** piety under Vehumet
  1872 | D        | Killed a cane toad
  2011 | D        | Learned a level 5 spell: Fireball
  2021 | D        | Offered knowledge of Yara's Violent Unravelling by Vehumet.
  2028 | D        | Reached XP level 11. HP: 56/56 MP: 28/37
  2332 | D        | Offered knowledge of Irradiate by Vehumet.
  2448 | D        | Reached skill level 1 in Fire Magic
  2484 | D        | Noticed Josephine
  2493 | D        | Killed Josephine
  2717 | D        | Noticed Maurice
  2724 | D        | Killed Maurice
  3001 | D        | Noticed an orc sorcerer
  3003 | D        | Noticed a soul eater
  3005 | D        | Offered knowledge of Iron Shot by Vehumet.
  3008 | D        | Killed an orc sorcerer
  3285 | D        | Learned a level 6 spell: Iron Shot
  3288 | D        | Noticed an orc high priest
  3290 | D        | Offered knowledge of Bolt of Magma by Vehumet.
  3298 | D        | Killed an orc high priest
  3606 | D        | Offered knowledge of Freezing Cloud by Vehumet.
  3692 | D        | Noticed an orc knight
  3701 | D        | Killed an orc knight
  4044 | D        | Found Waggasonu's Armour Boutique.
  4044 | D        | Noticed an orc knight
  4044 | D        | Noticed an orc high priest
  4044 | D        | Noticed an orc knight
  4044 | D        | Noticed an orc knight
  4044 | D        | Noticed an orc high priest
  4048 | D        | Killed an orc high priest
  4049 | D        | Killed an orc knight
  4049 | D        | Noticed an orc knight
  4056 | D        | Killed an orc knight
  4057 | D        | Killed an orc high priest
  4057 | D        | Offered knowledge of Eringya's Noxious Bog by Vehumet.
  4229 | D        | Killed an orc knight
  4441 | D        | Killed an orc knight
  4442 | D        | Reached XP level 12. HP: 61/61 MP: 24/41
  4549 | D        | Noticed an orc high priest
  4554 | D        | Killed an orc high priest
  4555 | D        | Reached skill level 5 in Transmutations
  4849 | D        | Found Hih Illy's Antique Armour Shop.
  4852 | D        | Found Caoto's Book Boutique.
  4854 | D        | Found Cupsuusa's Weapon Shop.
  4858 | D        | Noticed an orc high priest
  4862 | D        | Killed an orc high priest
  4862 | D        | Noticed an orc high priest
  4867 | D        | Killed an orc high priest
  4867 | D        | Offered knowledge of Chain Lightning by Vehumet.
  5108 | D        | Bought a runed robe for 70 gold pieces
  5118 | D        | Bought the Handbook of the Flying Mountains for 790 gold
                  | pieces
  5123 | D        | Learned a level 4 spell: Leda's Liquefaction
  5123 | D        | Bought a book of Spatial Translocations for 845 gold pieces
  5171 | D        | Noticed Eustachio
  5175 | D        | Killed Eustachio
  5336 | D        | Noticed a centaur warrior
  5349 | D        | Killed a centaur warrior
  5350 | D        | Reached skill level 1 in Shields
  5509 | D        | Noticed an ogre mage
  5512 | D        | Killed an ogre mage
  5512 | D        | Offered knowledge of Lehudib's Crystal Spear by Vehumet.
  5512 | D        | Offered knowledge of Shatter by Vehumet.
  5512 | D        | Offered knowledge of Tornado by Vehumet.
  5526 | D        | Noticed a centaur warrior
  5534 | D        | Killed a centaur warrior
  5676 | D        | Noticed a fire dragon
  5685 | D        | Killed a fire dragon
  5715 | D        | Learned a level 9 spell: Shatter
  5724 | D        | Learned a level 8 spell: Lehudib's Crystal Spear
  5727 | D        | Learned a level 2 spell: Blink
  5906 | D        | Noticed a deep troll shaman
  5912 | D        | Killed a deep troll shaman
  6058 | D        | Noticed a stone giant
  6060 | D        | Noticed a stone giant
  6064 | D        | Noticed a vampire mage
  6068 | D        | Killed a stone giant
  6068 | D        | Killed a stone giant
  6071 | D        | Reached XP level 13. HP: 65/65 MP: 5/44
  6095 | D        | Noticed a jiangshi
  6433 | D        | Noticed Erica
  6442 | D        | Killed Erica
  6552 | D        | Noticed Donald
  6563 | D        | Killed Donald
  6731 | D        | Reached skill level 5 in Conjurations
  6732 | D        | Reached skill level 27 in Spellcasting
  6832 | D        | Noticed a ghost moth
  6837 | D        | Killed a ghost moth
  6839 | D        | Noticed a ghost moth
  7197 | D        | Killed a ghost moth
  7336 | D        | Noticed a bunyip
  7338 | D        | Reached skill level 1 in Translocations
  7338 | D        | Killed a bunyip
  7653 | D        | Reached XP level 14. HP: 74/74 MP: 10/47
  7786 | D        | Learned a level 9 spell: Tornado
  7877 | D        | Noticed Nessos
  7879 | D        | Killed Nessos
  7880 | D        | Reached skill level 1 in Air Magic
  7988 | D        | Noticed a green very ugly thing
  7988 | D        | Noticed a stone giant
  7990 | D        | Killed a stone giant
  7990 | D        | Killed a green very ugly thing
  7991 | D        | Noticed a tentacled monstrosity
  7993 | D        | Noticed a purple very ugly thing
  7994 | D        | Reached skill level 10 in Dodging
  7996 | D        | Killed a tentacled monstrosity
  7996 | D        | Killed a purple very ugly thing
  7997 | D        | Reached skill level 10 in Conjurations
  7997 | D        | Reached skill level 27 in Earth Magic
  8006 | D        | Noticed a stone giant
  8179 | D        | Killed a stone giant
  8252 | D        | Noticed a fire giant
  8423 | D        | Noticed a lich
  8426 | D        | Killed a fire giant
  8428 | D        | Killed a lich
  8429 | D        | Reached skill level 10 in Air Magic
  8551 | D        | Noticed a stone giant
  8554 | D        | Killed a stone giant
  8705 | D        | Noticed a purple very ugly thing
  8707 | D        | Killed a purple very ugly thing
  8709 | D        | Noticed a vault warden
  8722 | D        | Killed a vault warden
  9055 | D        | Noticed a vault warden
  9066 | D        | Killed a vault warden
  9300 | D        | Noticed an ironbound preserver
  9307 | D        | Noticed a deep elf blademaster
  9308 | D        | Killed an ironbound preserver
  9309 | D        | Reached skill level 10 in Transmutations
  9328 | D        | Mangled by a deep elf blademaster

Illustrated notes

Levels and vault maps discovered:
D:        linesprint [early_d, line_temple, items_1, d_10, items_2, lair_1,
          lair_end, items_3, orc_1, orc_end, items_4, d_15, swamp_1, shoals_1,
          snake_1, spider_1, d_20, vaults_1, items_5, swamp_end, shoals_end,
          snake_end, spider_end, vaults_end, d_27, items_6, zot_1, zot_end,
          crypt_end, forest_end, elf_end, slime_end, tomb_end, abyss_end,
          pan_hell_end]

Skill      XL: |  1  2  3  4  5  6  7  8  9 10 11 12 13 14 |
---------------+-------------------------------------------+-----
Dodging        | 3 4 5 6 9 11 | 11.3
Earth Magic    | 8 9 10 12 13 15 16 19 21 23 26 27 | 27.0
Stealth        | 3 4 5 6 8 |  8.4
Spellcasting   | 6 8 9 12 13 17 18 20 23 25 27 | 27.0
Fighting       | 1 3 |  3.5
Conjurations   | 1 3 4 7 14 | 14.0
Transmutations | 2 3 4 6 10 | 10.0
Evocations     | 1 2 |  2.2
Hexes          | 1 2 |  2.2
Fire Magic     | 1 2 |  2.9
Shields        | 4 |  4.0
Translocations | 2 |  2.5
Air Magic      | 13 | 13.1

Action                   |  1- 3 |  4- 6 |  7- 9 | 10-12 | 13-15 || total
-------------------------+-------+-------+-------+-------+-------++-------
Melee: Dagger            |       |       |       |       |     1 ||     1
 Cast: Sandblast         |     8 |     2 |     3 |     5 |     1 ||    19
       Lee's Rapid Decon |       |     4 |    18 |   112 |    37 ||   171
       Stone Arrow       |       |       |     1 |    18 |     2 ||    21
       Petrify           |       |       |     2 |    32 |    19 ||    53
       Inner Flame       |       |       |       |     1 |       ||     1
       Fireball          |       |       |       |     3 |     2 ||     5
       Shatter           |       |       |       |     2 |    27 ||    29
       Iron Shot         |       |       |       |     1 |    33 ||    34
       Lehudib's Crystal |       |       |       |       |     6 ||     6
       Blink             |       |       |       |       |     2 ||     2
       Mephitic Cloud    |       |       |       |       |     1 ||     1
       Leda's Liquefacti |       |       |       |       |     1 ||     1
Evoke: Wand              |       |       |     1 |       |     1 ||     2
  Use: Potion            |     1 |       |     2 |       |     7 ||    10
Armor: Robe              |       |       |     5 |     1 |       ||     6
       Steam dragon scal |       |       |       |     3 |    20 ||    23
Dodge: Dodged            |     1 |       |    22 |     3 |    55 ||    81
Block: Buckler           |       |       |       |     1 |    22 ||    23
       Reflection        |       |       |       |       |     1 ||     1

Table legend: (Time is in decaauts)
 A = Elapsed time spent in this place.
 B = Non-inter-level travel time spent in this place.
 C = Inter-level travel time spent in this place.
 D = Time resting spent in this place.
 E = Time spent auto-exploring this place.
 F = Levels seen in this place.
 G = Mean time per level.
                   A        B        C        D        E       F      G
               +--------+--------+--------+--------+--------+-----+--------+
         Total |   9307 |   9307 |      0 |   6219 |   1301 |   1 | 9307.0 |
       Dungeon |   9307 |   9307 |      0 |   6219 |   1301 |   1 | 9307.0 |
               +--------+--------+--------+--------+--------+-----+--------+

Top non-repeatable levels by time:
       D: 9307 daAuts
